 Dungeon Crawl Stone Soup version 0.17-a0-1840-g87820a2 (webtiles) character file.

1719 kroki the Cleaver (level 8, -2/63 HPs)
             Began as a Centaur Berserker on Sept 14, 2015.
             Was an Elder of Trog.
             Slain by a killer bee (5 damage)
             ... on level 6 of the Dungeon on Sept 16, 2015.
             The game lasted 00:15:20 (7194 turns).

kroki the Cleaver (Centaur Berserker)               Turns: 7194, Time: 00:15:20

Health: -2/63      AC:  8    Str: 19    XL:     8   Next: 75%
Magic:  17/17      EV:  5    Int:  6    God:    Trog [****..]
Gold:   175        SH:  0    Dex: 12    Spells: 0 memorised, 7 levels left

rFire  . . .     SeeInvis .     a - +0 hand axe (freeze)
rCold  . . .     Clarity  .     d - +0 chain mail
rNeg   . . .     SustAt   .     (no shield)
rPois  .         Gourm    .     (no helmet)
rElec  .         Spirit   .     i - +0 cloak
rCorr  .         Warding  .     (no gloves)
rMut   .         Rnd*Tele +     (no barding)
MR     .....                    (no amulet)
Stlth  ..........               q - ring of teleportation (curse) {+/*tele, !d}
                                x - ring of magical power {MP+9}

@: exhausted, slowed, not resistant to hostile enchantments, extremely
unstealthy
A: hooves 3, deformed body, speed 2, tough skin 3
a: Burn Spellbooks, Berserk, Trog's Hand, Brothers in Arms, Renounce Religion,
Evoke Teleportation


You were on level 6 of the Dungeon.
You worshipped Trog.
Trog was greatly pleased with you.
You were not hungry.

You visited 1 branch of the dungeon, and saw 7 of its levels.

You collected 259 gold pieces.
You spent 84 gold pieces at shops.

Inventory:

Hand weapons
 a - a +0 hand axe of freezing (weapon)
 h - a +2 antimagic hand axe
   (You found it on level 4 of the Dungeon)
 r - a +0 blowgun
   (You took it off a kobold on level 3 of the Dungeon)
Missiles
 s - 27 poisoned needles
Armour
 b - a +0 animal skin
 d - a +0 chain mail (worn)
   (You found it on level 1 of the Dungeon)
 i - a +0 cloak (worn)
   (You found it on level 1 of the Dungeon)
Jewellery
 m - an uncursed ring of wizardry {Wiz+, !d}
   (You found it on level 2 of the Dungeon)
 q - a cursed ring of teleportation (right hand) {+/*tele, !d}
   (You found it on level 2 of the Dungeon)
 x - a ring of magical power (left hand) {MP+9}
   (You found it on level 5 of the Dungeon)
Scrolls
 f - 2 scrolls of recharging
 t - a scroll of immolation {!r}
 v - a scroll of remove curse
Potions
 e - 2 potions of invisibility
 g - a potion of cancellation
 j - 6 potions of curing
 k - 2 potions of might
 l - a potion of degeneration {!q}
 o - a potion of agility
 u - 2 potions of flight {unknown}
 w - a potion of beneficial mutation {unknown}
Comestibles
 c - 3 bread rations {@e1}
 n - 4 meat rations {@e2}


   Skills:
 - Level 3.0 Fighting
 + Level 10.6 Axes
 - Level 1.3 Armour
 - Level 1.3 Dodging


You had 7 spell levels left.
You didn't know any spells.

Dungeon Overview and Level Annotations

Branches:
Dungeon (7/15)
 Temple: D:4-7

Altars:
Dithmenos
Makhleb
Xom
Yredelemnul

Shops:
D:4 *


Innate Abilities, Weirdness & Mutations

You have hooves in place of feet.
Armour fits poorly on your strangely shaped body.
You cover ground very quickly.
You have extremely tough skin (AC +3).


Message History

You slash the killer bee! You freeze the killer bee.
Your kick misses the killer bee. You hit the killer bee.
You freeze the killer bee. You miss the killer bee.
You feel sick. The killer bee stings you. x2
You are more poisoned.
The killer bee poisons you! The killer bee barely misses you.
You take 13 damage, and have 59/94 hp.
You closely miss the killer bee. You barely miss the killer bee.
You miss the killer bee.
The killer bee stings you but does no damage.
The killer bee stings you.
The killer bee stings you but does no damage.
You take 4 damage, and have 55/94 hp.
You closely miss the killer bee. Your kick misses the killer bee.
You hit the killer bee. You freeze the killer bee.
You completely miss the killer bee.
You feel sick.
The killer bee stings you but does no damage.
The killer bee stings you.
The killer bee stings you but does no damage.
You take 6 damage, and have 49/94 hp.
Unknown command.
You closely miss the killer bee. Your kick misses the killer bee.
You barely miss the killer bee. x2
The killer bee stings you. x2
You are more poisoned.
The killer bee poisons you!
The killer bee stings you but does no damage.
An orc wizard comes into view. It is wielding a dagger.
You take 8 damage, and have 41/94 hp.
You closely miss the killer bee.
The orc wizard shouts!
Your kick misses the killer bee. You closely miss the killer bee.
You hit the killer bee. You freeze the killer bee.
You kill the killer bee!
Trog accepts your kill.
You feel sick. The killer bee stings you.
You are more poisoned.
The killer bee poisons you! The killer bee stings you.
The killer bee stings you.
You are more poisoned.
The killer bee poisons you!
You take 12 damage, and have 29/94 hp.
You miss the killer bee. Your kick misses the killer bee.
You hit the killer bee. You freeze the killer bee.
* * * LOW HITPOINT WARNING * * *
You feel sick.
The killer bee stings you but does no damage.
The killer bee stings you.
* * * LOW HITPOINT WARNING * * *
You take 6 damage, and have 23/94 hp.
Unknown command.
Your chain mail prevents you from hitting the killer bee.
Your kick misses the killer bee. You hit the killer bee.
You freeze the killer bee.
* * * LOW HITPOINT WARNING * * *
You feel sick. The killer bee stings you.
* * * LOW HITPOINT WARNING * * *
The killer bee barely misses you. x2
An orc priest comes into view. It is wielding a flail.
You take 2 damage, and have 21/94 hp.
Unknown command.
You closely miss the killer bee.
The orc priest shouts!
Your kick misses the killer bee.
Your chain mail prevents you from hitting the killer bee.
* * * LOW HITPOINT WARNING * * *
You feel sick. The killer bee stings you.
* * * LOW HITPOINT WARNING * * *
The killer bee barely misses you.
You take 5 damage, and have 16/94 hp.
Unknown command.
* * * LOW HITPOINT WARNING * * *
You feel sick. The killer bee stings you.
* * * LOW HITPOINT WARNING * * *
The killer bee stings you.
* * * LOW HITPOINT WARNING * * *
The killer bee stings you.
* * * LOW HITPOINT WARNING * * *
You climb upwards.
You feel a strong urge to attack something.
You are no longer berserk.
You are exhausted.
You feel yourself slow down.
* * * LOW HITPOINT WARNING * * *
You feel sick.
There is a stone staircase leading down here.
Unknown command.
You now have 4/63 hp.
Unknown command.
Unknown command.
Drink which item? (? for menu, Esc to quit)
You feel better.
The killer bee stings you but does no damage. x2
The killer bee stings you.
* * * LOW HITPOINT WARNING * * *
The killer bee stings you.
* * * LOW HITPOINT WARNING * * *
The killer bee stings you but does no damage.
The killer bee stings you.
You die...

.###.# #.#.####.# ##.## ####
.....# #.#.####.# #...# #...
###### #...>.##.# #...# #.##
###.#.##.# #)..# #.## ######
#...##.# #...# #.# .....#
#......#####...######.##
.....#####.#####................#
.(.......#.##...yy..............#
............#.##@y...(..........#
......##.#..#.#######.(.#########
#####.##.#..#.# #.(.#
..............# #...#
##..#.......### #...#
##..#.#.###.# #...# #######
............# ##)####......
##..###.#############.........###
##<.###.#####......##.........###


You could see 3 killer bees.

Vanquished Creatures
  Sigmund (D:2)
  A hippogriff (D:7)
  2 ice beasts
  A phantom (D:6)
  An ogre (D:5)
  A centaur (D:6)
  2 giant frogs (D:6)
  2 scorpions
  3 killer bees (D:7)
  A giant frog zombie (D:5)
  2 orc priests
  A centaur zombie (D:5)
  Ijyb (D:2)
  A hound (D:4)
  A jelly (D:5)
  A giant frog skeleton (D:5)
  An iguana (D:5)
  2 orc wizards
  Natasha (thrice) (D:2)
  A worker ant (D:6)
  A hound skeleton (D:5)
  A worker ant zombie (D:5)
  11 adders
  4 gnolls (D:3)
  2 oozes
  3 worms (D:4)
  16 orcs
  A bat zombie (D:1)
  5 giant cockroaches
  8 hobgoblins
  7 jackals
  8 kobolds
  A quokka (D:2)
  A ball python (D:3)
  10 bats
  4 giant geckos
  7 giant newts
  2 gnoll zombies (D:4)
  14 goblins
  A jackal zombie (D:1)
  13 rats
149 creatures vanquished.

Vanquished Creatures (others)
  A centaur (D:5)
  A hound (D:5)
  An orc wizard (D:5)
  2 worker ants (D:5)
  A jackal (D:5)
  A giant gecko (D:5)
7 creatures vanquished.

Grand Total: 156 creatures vanquished

Notes
Turn   | Place    | Note
--------------------------------------------------------------
     0 | D:1      | kroki the Centaur Berserker began the quest for the Orb.
     0 | D:1      | Reached XP level 1. HP: 19/19 MP: 1/1
     0 | D:1      | Upgraded the game from 0.17-a0-1831-gaadb308 to 0.17-a0-1840-g87820a2
   139 | D:1      | Reached skill level 3 in Axes
   309 | D:1      | Reached XP level 2. HP: 26/26 MP: 2/2
  1137 | D:2      | Noticed Sigmund
  1152 | D:2      | Killed Sigmund
  1152 | D:2      | Reached skill level 5 in Axes
  1152 | D:2      | Reached XP level 3. HP: 31/31 MP: 3/3
  1152 | D:2      | Reached XP level 4. HP: 38/38 MP: 4/4
  1152 | D:2      | Reached XP level 5. HP: 45/45 MP: 5/5
  1287 | D:2      | Acquired Trog's second power
  1354 | D:2      | Noticed Ijyb
  1376 | D:2      | Killed Ijyb
  1688 | D:2      | Reached skill level 6 in Axes
  1743 | D:2      | Noticed Natasha
  1750 | D:2      | Killed Natasha
  1869 | D:2      | Reached XP level 6. HP: 51/51 MP: 6/6
  1911 | D:2      | Noticed Natasha
  1915 | D:2      | Killed Natasha
  1935 | D:2      | Noticed Natasha
  1940 | D:2      | Killed Natasha
  1952 | D:2      | Found a burning altar of Makhleb.
  1954 | D:2      | Noticed a balrug
  1958 | D:2      | Noticed a neqoxec
  1958 | D:2      | Noticed an orange demon
  2942 | D:3      | Acquired Trog's third power
  3347 | D:4      | Reached skill level 7 in Axes
  3789 | D:4      | Found Rarghu Xurim's Assorted Antiques.
  3798 | D:4      | Bought a scroll labeled SUKHLO RABATAG for 29 gold pieces
  3798 | D:4      | Bought a grey potion for 26 gold pieces
  3798 | D:4      | Bought a scroll labeled FOSSUAKOUWK for 29 gold pieces
  4204 | D:4      | Found a burning altar of Makhleb.
  4308 | D:4      | Reached XP level 7. HP: 39/57 MP: 7/7
  4579 | D:4      | Found a basalt altar of Yredelemnul.
  4722 | D:5      | Entered Level 5 of the Dungeon
  4911 | D:5      | Found a shimmering altar of Xom.
  5138 | D:5      | Reached skill level 8 in Axes
  5971 | D:6      | Reached skill level 9 in Axes
  5971 | D:6      | Reached XP level 8. HP: 43/63 MP: 8/8
  6522 | D:6      | Reached skill level 10 in Axes
  6838 | D:7      | Found a shadowy altar of Dithmenos.
  6886 | D:7      | HP: 15/63 [poisoned by a scorpion]
  6892 | D:7      | HP: 12/63 [poisoned by a scorpion]
  6898 | D:6      | HP: 11/63 [poisoned by a scorpion]
  6905 | D:6      | HP: 10/63 [poisoned by a scorpion]
  7189 | D:7      | HP: 23/94 [killer bee (4)]
  7192 | D:7      | HP: 7/94 [killer bee (5)]
  7194 | D:6      | HP: 3/63 [killer bee (3)]
  7194 | D:6      | Slain by a killer bee

Vault maps used:
D:1:      saegor_arrival_fortress, serial_bayou_crossing
D:2:      kennysheep_goblin_castle, makhleb_altar_promises_db, uniq_sigmund,
          uniq_iyjb, uniq_natasha
D:3:      first_bread
D:4:      lemuel_round_altar, lemuel_zombie_altar_yredelemnul, serial_shops,
          shop, kennysheep_generic_room_7
D:5:      xom_confusion_cloud
D:7:      grunt_dithmenos_smoke, minmay_temple_entry_grid,
          uniq_crazy_yiuf_cottage

Action                   |  1- 3 |  4- 6 |  7- 9 || total
-------------------------+-------+-------+-------++-------
Melee: Hand axe          |    74 |   232 |   203 ||   509
Invok: Berserk           |     1 |     6 |    10 ||    17
 Abil: Evoke Teleportati |       |       |     1 ||     1
  Use: Scroll            |     3 |    10 |     3 ||    16
       Potion            |       |       |     1 ||     1
  Eat: Chunk             |       |    16 |     9 ||    25
       Fruit             |       |       |     3 ||     3
       Pizza             |       |       |     2 ||     2
       Bread ration      |       |       |     1 ||     1

Vault maps used:
D:1:      saegor_arrival_fortress, serial_bayou_crossing
D:2:      kennysheep_goblin_castle, makhleb_altar_promises_db, uniq_sigmund,
          uniq_iyjb, uniq_natasha
D:3:      first_bread
D:4:      lemuel_round_altar, lemuel_zombie_altar_yredelemnul, serial_shops,
          shop, kennysheep_generic_room_7
D:5:      xom_confusion_cloud
D:7:      grunt_dithmenos_smoke, minmay_temple_entry_grid,
          uniq_crazy_yiuf_cottage

Table legend:
 A = Turns spent in this place as a percentage of turns spent in the entire game.
 B = Non-inter-level travel turns spent in this place as a percentage of non-inter-level travel turns spent in the entire game.
 C = Inter-level travel turns spent in this place as a percentage of turns spent in this place.
 D = Turns resting spent in this place as a percentage of non-inter-level travel turns spent in this place.
 E = Turns spent auto-exploring this place as a percentage of non-inter-level travel turns spent in this place.
 F = Non-inter-level travel turns spent in this place divided by the number of levels of this place that you've seen.
                   A       B       C       D       E      F
               +-------+-------+-------+-------+-------+----------------------
         Total | 100.0 | 100.0 |   0.6 |   6.2 |   9.0 | 293.3
       Dungeon | 100.0 | 100.0 |   0.6 |   6.2 |   9.0 | 293.3
               +-------+-------+-------+-------+-------+----------------------

Table legend:
 A = Kills in this place as a percentage of kills in entire the game.
 B = Kills by you in this place as a percentage of kills by you in the entire game.
 C = Kills by friends in this place as a percentage of kills by friends in the entire game.
 D = Other kills in this place as a percentage of other kills in the entire game.
 E = Experience gained in this place as a percentage of experience gained in the entire game.
 F = Experience gained in this place divided by the number of levels of this place that you have seen.
                   A       B       C       D       E      F
               +-------+-------+-------+-------+-------+----------------------
         Total | 100.0 | 100.0 |  -nan |  -nan | 100.0 | 351.0
       Dungeon | 100.0 | 100.0 |  -nan |  -nan | 100.0 | 351.0
               +-------+-------+-------+-------+-------+----------------------
